Map: Submarine LE

Players

Throwfordays - Winner!

  • Race: Protoss Protoss
  • League: Silver
  • Spawn Location: 11:00

VOD

Have the link to the VOD?

Description

Time

  • Played on: July 12, 2020, 7:48 p.m.
  • Length: 37:21
Show
View Real Time Build Order
Export as new Build Order

Throwfordays Protoss - Winner!

Build Orders:  

Get SALT Encoding   

  12  0:03  Probe (Chrono Boost)  
  14  0:20  Probe (Chrono Boost)  
  14  0:27  Pylon  
  14  0:37  Probe (Chrono Boost)  
  16  1:01  Gateway  
  16  1:02  Probe (Chrono Boost)  
  16  1:07  Assimilator  
  16  1:18  Probe (Chrono Boost)  
  17  1:35  Probe (Chrono Boost)  
  18  1:52  Probe (Chrono Boost)  
  19  2:06  Cybernetics Core  
  19  2:09  Probe (Chrono Boost)  
  20  2:10  Gateway  
  20  2:22  Zealot  
  22  2:52  Nexus  
  22  3:01  Shield Battery  
  22  3:06  Shield Battery  
  22  3:25  Probe (Chrono Boost)  
  22  3:28  Assimilator  
  23  3:36  Pylon  
  23  3:50  Pylon  
  23  4:03  Probe (Chrono Boost)  
  28  4:16  Warp Gate  
  29  4:20  Probe (Chrono Boost)  
  29  4:29  Assimilator  
  29  4:34  Assimilator  
  29  4:39  Probe (Chrono Boost)  
  31  4:40  Probe (Chrono Boost)  
  31  4:43  Unknown  
  31  4:49  Unknown  
  31  4:55  Probe (Chrono Boost)  
  31  4:57  Probe (Chrono Boost)  
  33  5:08  Forge  
  33  5:12  Probe (Chrono Boost)  
  33  5:14  Probe (Chrono Boost)  
  33  5:18  Forge  
  36  5:31  Probe (Chrono Boost)  
  36  5:37  Stalker  
  36  5:39  Pylon  
  38  5:47  Probe (Chrono Boost)  
  38  5:48  Probe (Chrono Boost)  
  40  6:04  Probe (Chrono Boost)  
  40  6:09  Twilight Council  
  41  6:12  Stargate  
  41  6:16  Probe (Chrono Boost)  
  43  6:21  Probe (Chrono Boost)  
  43  6:23  Stalker  
  45  6:31  Stalker  
  45  6:33  Probe (Chrono Boost)  
  48  6:48  Probe (Chrono Boost)  
  50  6:50  Probe (Chrono Boost)  
  50  6:57  Protoss Ground Weapons Level 1  
  50  7:01  Protoss Ground Armor Level 1  
  50  7:05  Probe (Chrono Boost)  
  50  7:07  Stalker, Probe (Chrono Boost)  
  50  7:09  Stalker  
  56  7:25  Probe (Chrono Boost)  
  56  7:28  Probe (Chrono Boost)  
  58  7:30  Pylon  
  58  7:35  Pylon  
  59  7:42  Probe (Chrono Boost)  
  59  7:43  Stalker  
  59  7:45  Probe (Chrono Boost)  
  62  7:53  Pylon  
  62  7:55  Void Ray  
  62  7:59  Pylon, Probe (Chrono Boost)  
  68  8:02  Pylon, Probe (Chrono Boost)  
  68  8:32  Stalker  
  68  8:33  Stalker  
  68  8:38  Nexus  
  72  8:42  Pylon  
  72  8:46  Assimilator  
  72  8:52  Assimilator  
  72  8:55  Void Ray  
  76  9:11  Pylon  
  76  9:24  Probe (Chrono Boost)  
  76  9:27  Stalker, Probe (Chrono Boost)  
  76  9:28  Stalker  
  83  9:41  Probe (Chrono Boost)  
  83  9:44  Probe (Chrono Boost)  
  84  9:53  Protoss Air Weapons Level 1  
  84  9:58  Void Ray, Probe (Chrono Boost)  
  90  10:01  Probe (Chrono Boost)  
  90  10:08  Protoss Ground Weapons Level 2  
  90  10:09  Shield Battery  
  90  10:10  Shield Battery  
  90  10:12  Protoss Ground Armor Level 2  
  90  10:14  Shield Battery  
  90  10:18  Probe (Chrono Boost)  
  90  10:29  Probe x2 (Chrono Boost)  
  92  10:33  Probe (Chrono Boost)  
  94  10:40  Stalker  
  94  10:42  Stalker  
  94  10:43  Probe (Chrono Boost)  
  94  10:46  Probe (Chrono Boost)  
  101  10:50  Probe (Chrono Boost)  
  101  11:07  Probe (Chrono Boost)  
  103  11:11  Probe (Chrono Boost)  
  103  11:14  Probe (Chrono Boost)  
  102  11:24  Probe (Chrono Boost)  
  102  11:28  Probe (Chrono Boost)  
  102  11:30  Probe (Chrono Boost)  
  96  12:03  Shield Battery  
  96  12:04  Shield Battery  
  96  12:07  Shield Battery  
  96  12:12  Shield Battery  
  96  12:26  Stargate  
  96  12:27  Nexus, Stargate  
  96  12:32  Gateway, Stargate  
  96  12:33  Stargate  
  96  12:35  Gateway  
  96  12:36  Gateway  
  96  12:40  Templar Archives, Gateway  
  96  12:42  Gateway  
  96  12:56  Stalker  
  96  12:57  Stalker  
  100  13:08  Void Ray  
  104  13:30  Assimilator  
  104  13:33  Assimilator  
  104  13:36  Psionic Storm  
  104  13:38  Void Ray x2  
  104  13:39  Void Ray x2  
  120  13:53  Pylon  
  120  13:54  Pylon  
  120  13:56  Pylon  
  120  13:57  Pylon  
  120  13:59  Pylon  
  120  14:00  Protoss Air Armor Level 1  
  120  14:01  Pylon  
  120  14:12  Protoss Ground Weapons Level 3  
  120  14:17  Protoss Ground Armor Level 3  
  120  14:31  Void Ray  
  124  14:42  Probe (Chrono Boost)  
  124  14:46  Probe (Chrono Boost)  
  127  14:51  Probe (Chrono Boost)  
  127  14:56  Probe (Chrono Boost)  
  127  14:59  Probe (Chrono Boost)  
  129  15:03  Probe (Chrono Boost)  
  129  15:05  Blink  
  129  15:08  Probe (Chrono Boost)  
  131  15:11  Gateway  
  131  15:13  Probe (Chrono Boost)  
  131  15:15  Pylon, High Templar x2  
  131  15:16  High Templar x2, Probe (Chrono Boost)  
  131  15:17  High Templar  
  144  15:20  Probe (Chrono Boost)  
  144  15:25  Probe (Chrono Boost)  
  144  15:29  High Templar  
  148  15:30  Probe (Chrono Boost)  
  149  16:00  Probe (Chrono Boost)  
  149  16:17  Probe (Chrono Boost)  
  150  16:30  Fleet Beacon  
  150  16:34  Probe (Chrono Boost)  
  152  16:50  High Templar x3  
  152  16:51  Nexus, High Templar x4, Probe (Chrono Boost)  
  152  16:54  Pylon  
  152  16:58  High Templar  
  168  17:03  Assimilator  
  168  17:08  Assimilator, Probe (Chrono Boost)  
  169  18:12  Protoss Shields Level 1  
  85  19:01  Stalker x5  
  85  19:02  Stalker x3  
  95  19:35  Stalker  
  95  19:36  Stalker x2  
  95  19:37  Stalker  
  95  19:38  Stalker  
  95  19:39  Stalker x2  
  91  19:40  Stalker  
  88  20:02  Robotics Facility  
  88  20:03  Robotics Facility  
  88  20:06  Robotics Facility  
  86  20:16  Stalker  
  86  20:17  Stalker x4  
  86  20:18  Stalker x3  
  96  20:26  Void Ray  
  96  20:27  Void Ray x3  
  96  20:28  Void Ray  
  97  20:47  Shield Battery  
  97  20:48  Shield Battery  
  96  20:50  Shield Battery  
  96  20:56  Carrier  
  96  20:57  Carrier x2  
  96  21:05  Shield Battery  
  96  21:06  Shield Battery, Carrier x2  
  96  21:09  Shield Battery  
  96  21:11  Cybernetics Core  
  96  21:12  Forge, Shield Battery x2, Cybernetics Core  
  110  21:53  Zealot x2  
  110  21:54  Zealot x2  
  110  21:55  Zealot x2  
  116  22:26  Carrier  
  116  22:27  Carrier  
  116  22:29  Zealot x3  
  96  22:30  Zealot x3  
  107  23:23  Zealot x2, Carrier x2  
  107  23:24  Zealot x3  
  106  24:05  Charge  
  106  24:08  Nexus  
  106  24:22  Shield Battery x2  
  106  24:25  Shield Battery  
  106  24:27  Shield Battery  
  106  24:35  Stargate x2  
  106  24:38  Probe (Chrono Boost)  
  107  24:53  Probe (Chrono Boost)  
  107  24:55  Probe (Chrono Boost)  
  107  24:59  Probe (Chrono Boost)  
  111  25:10  Probe (Chrono Boost)  
  111  25:12  Probe (Chrono Boost)  
  111  25:16  Probe (Chrono Boost)  
  113  25:27  Probe (Chrono Boost)  
  114  25:33  Protoss Air Weapons Level 2, Probe (Chrono Boost)  
  114  25:34  Protoss Air Armor Level 2  
  115  25:55  Probe (Chrono Boost)  
  116  26:02  Probe (Chrono Boost)  
  118  26:12  Probe (Chrono Boost)  
  118  26:19  Probe (Chrono Boost)  
  119  26:29  Probe (Chrono Boost)  
  120  27:43  Shield Battery  
  120  27:45  Shield Battery  
  120  27:46  Carrier  
  120  27:47  Carrier x4  
  120  27:48  Carrier  
  120  27:49  Shield Battery  
  120  27:52  Shield Battery  
  120  27:54  Shield Battery  
  120  27:56  Shield Battery  
  120  28:07  Probe (Chrono Boost)  
  157  28:24  Probe (Chrono Boost)  
  157  28:25  Protoss Shields Level 2  
  159  28:41  Probe (Chrono Boost)  
  159  28:44  Pylon  
  159  28:46  Pylon  
  159  29:06  Protoss Air Weapons Level 3  
  159  29:08  Protoss Air Armor Level 3  
  147  30:58  Carrier  
  147  30:59  Carrier x4  
  187  31:00  Carrier  
  147  31:03  Shield Battery  
  147  31:06  Shield Battery  
  147  31:08  Shield Battery  
  147  31:10  Shield Battery  
  147  31:12  Shield Battery  
  147  31:14  Shield Battery  
  147  31:15  Shield Battery  
  147  31:16  Shield Battery  
  147  31:17  Shield Battery  
  141  31:20  Shield Battery  
  141  31:21  Shield Battery  
  141  31:23  Shield Battery  
  141  31:26  Shield Battery  
  177  31:57  Protoss Shields Level 3  
  177  33:08  Nexus  
  177  33:13  Assimilator  
  177  33:15  Assimilator  
  177  33:21  Pylon  
  177  33:28  Carrier  
  177  33:29  Carrier x2  
Tags
 
League
Silver
Matchup
Co-op
Replay Pack
Multiplayer
Add a new tag
Caveats
  • Supply blocks, unpowered buildings, or Contaminate may cause inaccurate times.
  • Supply counts are checked every 10 seconds.